 Dungeon Crawl Stone Soup version 0.24.0-1-gfbc8707 (webtiles) character file.

Game seed: 5924938417629157399, levelgen mode: deterministic

2526 Illumine the Jinx (level 9, -1/52 HPs)
             Began as a Deep Elf Enchanter on Nov 1, 2019.
             Was an Initiate of Sif Muna.
             Slain by a human
             ... wielding a +0 hand axe
              (3 damage)
             ... on level 7 of the Dungeon.
             The game lasted 00:23:43 (8285 turns).

Illumine the Jinx (Deep Elf Enchanter)              Turns: 8285, Time: 00:23:44

Health: -1/52      AC:  8    Str:  6    XL:     9   Next: 29%
Magic:  3/22       EV: 16    Int: 23    God:    Sif Muna [......]
Gold:   361        SH:  0    Dex: 15    Spells: 11/23 levels left

rFire    . . .     SeeInvis .   a - +1 dagger
rCold    . . .     Gourm    .   (no shield)
rNeg     + . .     Faith    .   g - +2 robe {rN+}
rPois    .         Spirit   .   f - +0 helmet
rElec    .         Reflect  .   p - +2 cloak
rCorr    .         Harm     .   (no gloves)
MR       .....                  (no boots)
Stlth    +++.......             c - amulet of the acrobat
HPRegen  0.17/turn              (no ring)
MPRegen  0.18/turn              (no ring)

@: no status effects
A: no striking features
a: Renounce Religion


You were on level 7 of the Dungeon.
You worshipped Sif Muna.
Sif Muna was noncommittal.
You were very hungry.

You visited 1 branch of the dungeon, and saw 7 of its levels.

You collected 361 gold pieces.

Inventory:

Hand Weapons
 a - a +1 dagger (weapon)
Missiles
 k - 9 poisoned darts (quivered)
 q - a throwing net
Armour
 f - a +0 helmet (worn)
 g - a +2 robe of positive energy (worn)
 o - a +0 buckler
 p - a +2 cloak (worn)
Magical Staves
 s - an uncursed staff of summoning
Jewellery
 c - an amulet of the acrobat (around neck)
 m - an uncursed amulet of regeneration
Wands
 n - a wand of random effects (21)
Scrolls
 e - a scroll of remove curse
 r - a scroll of teleportation
 w - a scroll of blinking {unknown}
Potions
 b - 2 potions of curing {unknown}
 h - a potion of heal wounds {unknown}
 i - 2 potions of flight
 j - a potion of brilliance {unknown}
 l - a potion of magic {unknown}
 t - a potion of berserk rage {unknown}
 v - a potion of lignification {unknown}
Comestibles
 d - 6 rations


   Skills:
 + Level 3.7 Fighting
 - Level 2.0 Short Blades
 + Level 6.2 Dodging
 - Level 5.0 Stealth
 + Level 3.7 Shields
 + Level 7.8 Spellcasting
 + Level 4.6 Conjurations
 + Level 8.2 Hexes


You had 11 spell levels left.
You knew the following spells:

 Your Spells              Type           Power        Failure   Level  Hunger
a - Corona                Hex            #####..      1%          1    None
b - Ensorcelled Hibernat  Hex/Ice        ####..       1%          2    None
c - Confuse               Hex            #####...     1%          3    None
d - Dazzling Spray        Conj/Hex       #####.       1%          3    None
e - Tukima's Dance        Hex            #####...     1%          3    None

Your spell library contained the following spells:

 Spells                   Type           Power        Failure   Level  Hunger


Dungeon Overview and Level Annotations

Branches:
Dungeon (7/15)             Temple (0/1) D:7

Altars:
Cheibriados
Gozag
Hepliaklqana
Okawaru
Sif Muna
Uskayaw
Vehumet
Xom

Shops:
D:5 (}[}[


Message History

* * * LOW HITPOINT WARNING * * *
Casting: Dazzling Spray (safe; 1% risk of failure)
Confirm with . or Enter, or press ? or * to list all spells.
You don't have enough magic to cast that spell.
The human hits you with a +0 hand axe.
* * * LOW HITPOINT WARNING * * *
The hog completely misses you. The human completely misses you.
The hog completely misses you.
The human looks more healthy.
The hog barely misses you. The human closely misses you.
The hog barely misses you. The human completely misses you.
The hog barely misses you.
Throwing (i - inventory. (/) - cycle)
k - 10 poisoned darts (quivered)
Press: ? - help, Shift-Dir - straight line, f - human, p - hog
Aim: a human, wielding a +0 hand axe and wearing a +0 animal skin (almost dead)
You throw a poisoned dart. The poisoned dart misses the human.
You kill the hog!
Sif Muna accepts your kill. The human hits you with a +0 hand axe.
You die...

.............#####.>..#######
.######......+....#'#.......#
.# #......####....######'### .#
####+### #)...#........# .####
#.# #...(#........# ....# #.#
#....#........# ....# #.#
##....#.)......# ....######.#
#hp...#...)....#
...........#####@#####........#
..###.....##._.###._.##.......#
..# #.....#.....8.....#####'###
..###.....#..⌠.....⌠..# #.#
....+.....##.........## #.###
..###......###.....### #...#
### ######## ###'### ########.#
# #..# #........# # #.##
#.########


You could see a hog and a human.

Vanquished Creatures
  Prince Ribbit (D:7)
  3 hogs (D:7)
  Eustachio (D:4)
  Menkaure (D:7)
  4 ice beasts (D:6)
  2 sky beasts
  An orc warrior (D:6)
  A crocodile (D:7)
  2 bullfrogs
  A water moccasin zombie (D:6)
  A crimson imp (D:6)
  2 bullfrog zombies (D:6)
  3 hounds
  2 orc priests
  Crazy Yiuf (D:5)
  An iguana (D:6)
  Jessica (D:2)
  6 orc wizards
  A worker ant (D:6)
  A hound skeleton (D:4)
  4 gnolls
  9 adders
  A shadow imp (D:7)
  An ooze (D:1)
  A worm (D:4)
  A dart slug (D:1)
  3 leopard geckos
  12 orcs
  3 ball pythons
  4 giant cockroaches
  5 goblins
  3 hobgoblins
  7 jackals
  2 quokkas
  7 bats
  5 frilled lizards
  A jackal skeleton (D:5)
  7 kobolds
  A quokka skeleton (D:7)
  5 rats
118 creatures vanquished.

Vanquished Creatures (collateral kills)
  An ogre (D:6)
  A gnoll (D:4)
2 creatures vanquished.

Grand Total: 120 creatures vanquished

Notes
Turn   | Place    | Note
-------+----------+-------------------------------------------
     0 | D:1      | Illumine the Deep Elf Enchanter began the quest for the
                  | Orb.
     0 | D:1      | Reached XP level 1. HP: 10/10 MP: 6/6
   471 | D:2      | Reached XP level 2. HP: 15/15 MP: 5/8
   475 | D:2      | Learned a level 2 spell: Ensorcelled Hibernation
   644 | D:2      | Found a hide-covered altar of Uskayaw.
  1213 | D:2      | Noticed a +0 dagger
  1213 | D:2      | Noticed a +0 dagger
  1301 | D:2      | Reached XP level 3. HP: 19/19 MP: 3/10
  1359 | D:2      | Learned a level 3 spell: Confuse
  1825 | D:2      | Reached skill level 5 in Hexes
  2057 | D:1      | Learned a level 3 spell: Tukima's Dance
  2331 | D:1      | Reached XP level 4. HP: 14/24 MP: 9/12
  2359 | D:2      | Noticed Jessica
  2385 | D:2      | Killed Jessica
  3149 | D:4      | Noticed Eustachio
  3164 | D:4      | Killed Eustachio
  3164 | D:4      | Reached skill level 5 in Spellcasting
  3164 | D:4      | Reached XP level 5. HP: 17/28 MP: 6/14
  3351 | D:4      | Found an opulent altar of Gozag.
  3643 | D:4      | Reached XP level 6. HP: 7/33 MP: 2/15
  3995 | D:4      | Reached skill level 1 in Fighting
  4048 | D:4      | Reached skill level 1 in Shields
  4373 | D:4      | Reached skill level 5 in Stealth
  4428 | D:4      | Learned a level 3 spell: Dazzling Spray
  4440 | D:5      | Entered Level 5 of the Dungeon
  4442 | D:5      | Found Sozemum's Antique Armour Boutique.
  4483 | D:5      | Found Riloymutt's Gadget Shoppe.
  4682 | D:5      | Reached skill level 6 in Hexes
  4812 | D:5      | Found a shimmering blue altar of Sif Muna.
  4816 | D:5      | Became a worshipper of Sif Muna the Loreminder
  4870 | D:5      | Found Ziallouck's Armour Shoppe.
  4932 | D:5      | Reached skill level 1 in Conjurations
  5019 | D:5      | Found a runed translucent door.
  5020 | D:5      | Noticed Crazy Yiuf
  5164 | D:5      | Killed Crazy Yiuf
  5164 | D:5      | Reached XP level 7. HP: 38/38 MP: 14/17
  5201 | D:5      | Found Ceicrolos's Antique Weapon Shop.
  5209 | D:5      | Found Gios's Gadget Boutique.
  5522 | D:6      | Found a shimmering altar of Xom.
  5796 | D:6      | Found a radiant altar of Vehumet.
  6138 | D:6      | Found an iron altar of Okawaru.
  6157 | D:6      | Reached XP level 8. HP: 45/45 MP: 15/19
  6194 | D:6      | Reached skill level 7 in Hexes
  6584 | D:5      | Reached skill level 5 in Dodging
  6865 | D:6      | Found a shimmering altar of Xom.
  7424 | D:7      | Noticed Menkaure
  7427 | D:7      | Killed Menkaure
  7498 | D:7      | Noticed Prince Ribbit
  7521 | D:7      | Killed Prince Ribbit
  7521 | D:7      | Reached XP level 9. HP: 21/51 MP: 3/22
  7799 | D:7      | Found a hazy altar of Hepliaklqana.
  7800 | D:7      | Found a snail-covered altar of Cheibriados.
  8035 | D:7      | Found a staircase to the Ecumenical Temple.
  8248 | D:7      | Reached skill level 8 in Hexes
  8281 | D:7      | HP: 2/51 [human/+0 hand axe (4)]
  8285 | D:7      | Slain by a human

Levels and vault maps discovered:
D:1:      wander_arrival_lonely_grave, layout_rooms, minmay_distorted
D:2:      layout_rooms, dancing_weapons_uskayaw, uniq_jessica
D:3:      layout_rooms, first_ration
D:4:      layout_basic, lemuel_doored_altar, serial_rivers,
          chequers_serial_rivers_micro_d, chequers_serial_rivers_room_b,
          chequers_serial_rivers_marsh, chequers_serial_rivers_small_a,
          uniq_eustachio
D:5:      layout_loops_ring, marbit_many_paths, serial_shops,
          nicolae_shop_stone, shop, nicolae_shop_statue_plus, shop_statue,
          nicolae_shop_behind_doors, minmay_misc_feat_rows,
          uniq_crazy_yiuf_cottage
D:6:      layout_basic, vehumet_crystals, xom_redecorated, okawaru_trees_2
D:7:      layout_basic, gammafunk_temple_overflow_pools,
          minmay_temple_entry_gardened_gates, grunt_livestock, uniq_menkaure,
          uniq_prince_ribbit1

Skill      XL: |  1  2  3  4  5  6  7  8  9 |
---------------+----------------------------+-----
Spellcasting   | 4 5 6 7 |  7.8
Hexes          | 5 6 7 8 |  8.2
Stealth        | 4 5 |  5.0
Short Blades   | 2 |  2.0
Dodging        | 3 4 5 6 |  6.2
Fighting       | 1 2 3 |  3.7
Shields        | 1 2 3 |  3.7
Conjurations   | 1 2 4 |  4.6

Action                   |  1- 3 |  4- 6 |  7- 9 || total
-------------------------+-------+-------+-------++-------
Melee: Dagger            |   138 |    92 |   164 ||   394
Throw: Stone             |     4 |       |       ||     4
       Dart              |       |       |     3 ||     3
 Cast: Corona            |    15 |     2 |     2 ||    19
       Ensorcelled Hiber |    36 |    42 |    38 ||   116
       Confuse           |       |     8 |    25 ||    33
       Tukima's Dance    |       |     3 |     4 ||     7
       Dazzling Spray    |       |       |    36 ||    36
  Use: Scroll            |       |     7 |     1 ||     8
 Stab: Sleeping          |    19 |    30 |    24 ||    73
       Confused          |       |     3 |    12 ||    15
       Invisible         |       |       |     1 ||     1
  Eat: Chunk             |     5 |     6 |     6 ||    17
       Ration            |       |     1 |     1 ||     2
Armor: Robe              |    37 |    25 |    30 ||    92
Dodge: Dodged            |   108 |    66 |   141 ||   315
